 Dungeon Crawl Stone Soup version 0.29-a0-982-gaed3a0c8d8 (webtiles) character file.

Game seed: 8961797240471078752

511 spanik the Vexing (level 7, -3/48 (52) HPs)
             Began as a Gnoll Arcane Marksman on July 26, 2022.
             Was an Initiate of Cheibriados.
             Slain by a wight
             ... wielding a +3 short sword
              (12 damage)
             ... on level 4 of the Dungeon on Aug 1, 2022.
             The game lasted 00:20:46 (6266 turns).

spanik the Vexing (Gnoll Arcane Marksman)           Turns: 6266, Time: 00:20:47

HP:   -3/48 (52)    AC:  2    Str: 10    XL:     7   Next: 19%
MP:   17/21         EV: 14    Int: 15    God:    Cheibriados [......]
Gold: 193           SH:  0    Dex: 14    Spells: 7/13 levels left

rFire   . . .      SeeInvis .   j - +0 whip (elec)
rCold   . . .      Faith    .   (no shield)
rNeg    . . .      Spirit   .   c - +0 robe
rPois   .          Reflect  .   (no helmet)
rElec   .          Harm     .   (no cloak)
rCorr   .          Rampage  .   (no gloves)
Will    +....                   (no boots)
Stlth   ++........              (no amulet)
HPRegen 0.16/turn               o - ring of willpower
MPRegen 0.17/turn               s - ring of magical power

@: drained, very slow
A: fangs 1, strong nose, distributed training
a: Renounce Religion


You were on level 4 of the Dungeon.
You worshipped Cheibriados.
Cheibriados was noncommittal.
You visited 2 branches of the dungeon, and saw 6 of its levels.

You collected 193 gold pieces.

Inventory:

Hand Weapons
 a - a +0 sling
 g - a +0 dagger
 h - a +0 short sword
 j - a +0 whip of electrocution (weapon)
Missiles
 r - a throwing net
 v - 6 poisoned darts
Armour
 c - a +0 robe (worn)
Magical Staves
 t - a staff of death
Jewellery
 o - a ring of willpower (left hand)
 s - a ring of magical power (right hand)
Scrolls
 d - a scroll of fear {unknown}
 i - a scroll of summoning {unknown}
 m - 4 scrolls of identify {unknown}
 u - a scroll of fog {unknown}
Potions
 b - a potion of magic
 e - a potion of cancellation {unknown}
 f - a potion of mutation {unknown}
 k - a potion of lignification {unknown}
 l - 2 potions of curing {unknown}
 n - a potion of flight {unknown}
 p - 2 potions of attraction {unknown}
 q - a potion of might {unknown}


   Skills:
 + Level 3.6 Fighting
 + Level 2.4 Short Blades
 + Level 2.4 Long Blades
 + Level 2.4 Axes
 + Level 2.4 Maces & Flails
 + Level 2.4 Polearms
 + Level 2.4 Staves
 + Level 5.2 Ranged Weapons
 + Level 2.4 Throwing
 + Level 2.4 Armour
 + Level 5.2 Dodging
 + Level 2.4 Stealth
 + Level 2.4 Shields
 + Level 2.4 Unarmed Combat
 + Level 3.7 Spellcasting
 + Level 2.0 Conjurations
 + Level 5.8 Hexes
 + Level 2.0 Summonings
 + Level 2.0 Necromancy
 + Level 2.0 Translocations
 + Level 2.0 Transmutations
 + Level 2.0 Fire Magic
 + Level 2.0 Ice Magic
 + Level 2.0 Air Magic
 + Level 2.0 Earth Magic
 + Level 2.0 Poison Magic
 + Level 2.7 Invocations
 + Level 2.4 Evocations


You had 7 spell levels left.
You knew the following spells:

 Your Spells              Type           Power      Damage    Failure   Level
a - Slow                  Hex            80%        N/A       1%          1
b - Necrotise             Necr           32%        1d5       9%          1
c - Cause Fear            Hex            10%        N/A       17%         4

Your spell library contained the following spells:

 Spells                   Type           Power      Damage    Failure   Level
 Apportation              Tloc           16%        N/A       9%          1
 Summon Small Mammal      Summ           32%        N/A       9%          1
 Inner Flame              Hex/Fire       14%        N/A       11%         3
 Portal Projectile        Hex/Tloc       28%        N/A       11%         3


Dungeon Overview and Level Annotations

Branches:
Dungeon (5/15)             Temple (1/1) D:4

Altars:
Ashenzari
Cheibriados
Elyvilon
Fedhas
Hepliaklqana
Kikubaaqudgha
Makhleb
Nemelex Xobeh
Okawaru
Qazlal
Ru
Sif Muna
Trog
Uskayaw
Vehumet
Xom
Yredelemnul
Zin
The Shining One

Annotations:
D:2 Sigmund


Innate Abilities, Weirdness & Mutations

You have very sharp teeth.
Your uncanny sense of smell can sniff out nearby items.
Your experience applies equally to all skills.


Message History

You start resting.
Magic restored.
You start resting.
A wight comes into view. It is wielding a +3 falchion.
A wight comes into view. It is wielding a +3 hand axe.
A wight comes into view. It is wielding a +3 short sword.
You open the door.
A wight comes into view.
It is wielding a +3 battleaxe and wearing a +0 robe of the Archmagi.
There is an open door here.
The wight attacks as you move away!
The wight hits you with a +3 short sword.
The wight attacks as you move away!
The wight hits you with a +3 short sword!
You feel drained. The wight attacks as you move away!
The wight closely misses you. The wight misses you.
There is a stone staircase leading up here.
The wight hits you with a +3 short sword!
* * * LOW HITPOINT WARNING * * *
You feel drained.
* * * LOW HITPOINT WARNING * * *
You climb upwards.
The orc closely misses you. The orc completely misses you.
There is a stone staircase leading down here.
Unknown command.
Casting: Slow (safe; 1% risk of failure)
Confirm with . or Enter, or press ? or * to list all spells.
The spell is quite dangerous to miscast (17% risk of failure)!
Continue anyway?
Casting: Cause Fear (quite dangerous; 17% risk of failure)
Press: ? - help, Dir - look around, f - activate
Okay, then.
Unknown command.
Casting: Cause Fear (quite dangerous; 17% risk of failure)
Confirm with . or Enter, or press ? or * to list all spells.
The spell is quite dangerous to miscast (17% risk of failure)!
Continue anyway?
Casting: Cause Fear (quite dangerous; 17% risk of failure)
Press: ? - help, Dir - look around, f - activate Look: a wight, wielding a +3 short sword and wearing a +0 robe (not susceptible)
The wight is unaffected.
The orc looks frightened!
The wight hits you with a +3 short sword!
You die...

...#.....####### #..# #...
#####..........## #..## #.##
#≈≈≈.....≈≈###..#######...###..
≈.≈..≈≈..≈≈# ##..#o.o...).....#
.≈.≈≈......## ##..#####..#....#
# ≈.......≈...###o### ##..#####
# .≈.≈≈...........## ..# #
≈.≈..≈≈..≈≈.###..## ..# #
#≈≈≈.....≈≈..###@.######..# ##
##............##z.>......## #.
#............##..o.###..#######.
#.............#..### #.......
##................## #.......
...................# #......#
##.................# #.....##
#.................########....#
#............................##


You could see an orc warrior, a wight and an orc (fleeing).

Vanquished Creatures
  A phantom (D:4)
  A scorpion (D:3)
  2 necrophages
  A howler monkey (D:4)
  3 iguanas
  An orc wizard (D:4)
  3 gnolls (D:3)
  3 adders
  2 worms
  4 orcs (D:4)
  7 endoplasms
  6 giant cockroaches
  5 goblins
  A hobgoblin (D:2)
  4 kobolds
  2 quokkas (D:1)
  7 ball pythons
  5 bats
  3 frilled lizards
  5 rats
66 creatures vanquished.

Vanquished Creatures (collateral kills)
  A rat (D:2)
1 creature vanquished.

Vanquished Creatures (others)
  3 fungi (D:2)
  2 plants (D:2)
5 creatures vanquished.

Grand Total: 72 creatures vanquished

Notes
Turn   | Place    | Note
-------+----------+-------------------------------------------
     0 | D:1      | spanik the Gnoll Arcane Marksman began the quest for the
                  | Orb.
     0 | D:1      | Reached XP level 1. HP: 17/17 MP: 4/4
   135 | D:1      | Upgraded the game from 0.29-a0-914-g906f1d757c to
                  | 0.29-a0-982-gaed3a0c8d8
   741 | D:1      | Reached XP level 2. HP: 19/23 MP: 5/5
  2215 | D:2      | Reached XP level 3. HP: 9/28 MP: 7/7
  2422 | D:2      | Learned a level 1 spell: Necrotise
  2529 | D:2      | Reached skill level 1 in Invocations
  2653 | D:2      | Noticed Sigmund
  2912 | D:2      | Found a faded altar of an unknown god.
  2938 | D:2      | Reached skill level 1 in Short Blades
  2938 | D:2      | Reached skill level 1 in Long Blades
  2938 | D:2      | Reached skill level 1 in Axes
  2938 | D:2      | Reached skill level 1 in Maces & Flails
  2938 | D:2      | Reached skill level 1 in Polearms
  2938 | D:2      | Reached skill level 1 in Staves
  2938 | D:2      | Reached skill level 1 in Throwing
  2938 | D:2      | Reached skill level 1 in Armour
  2938 | D:2      | Reached skill level 1 in Stealth
  2938 | D:2      | Reached skill level 1 in Shields
  2938 | D:2      | Reached skill level 1 in Unarmed Combat
  2938 | D:2      | Reached skill level 1 in Evocations
  3176 | D:3      | Reached XP level 4. HP: 34/34 MP: 3/8
  3362 | D:3      | Reached skill level 1 in Conjurations
  3362 | D:3      | Reached skill level 1 in Summonings
  3362 | D:3      | Reached skill level 1 in Necromancy
  3362 | D:3      | Reached skill level 1 in Translocations
  3362 | D:3      | Reached skill level 1 in Transmutations
  3362 | D:3      | Reached skill level 1 in Fire Magic
  3362 | D:3      | Reached skill level 1 in Ice Magic
  3362 | D:3      | Reached skill level 1 in Air Magic
  3362 | D:3      | Reached skill level 1 in Earth Magic
  3362 | D:3      | Reached skill level 1 in Poison Magic
  3363 | D:3      | Noticed a necrophage
  3440 | D:3      | Killed a necrophage
  3441 | D:3      | Reached XP level 5. HP: 33/41 MP: 7/9
  4351 | D:4      | Reached XP level 6. HP: 42/47 MP: 11/11
  4356 | D:4      | Reached skill level 5 in Ranged Weapons
  4356 | D:4      | Reached skill level 5 in Dodging
  4420 | D:4      | Found a staircase to the Ecumenical Temple.
  4440 | Temple   | Entered the Ecumenical Temple
  4450 | Temple   | Became a worshipper of Cheibriados the Contemplative
  4612 | D:4      | Reached XP level 7. HP: 8/52 MP: 12/12
  6001 | D:2      | Learned a level 4 spell: Cause Fear
  6109 | D:4      | Found a hide-covered altar of Uskayaw.
  6212 | D:5      | Entered Level 5 of the Dungeon
  6266 | D:4      | Slain by a wight

Illustrated notes

Levels and vault maps discovered:
D:1:      dpeg_arrival_water_temple_mockup, layout_loops_ring
D:2:      layout_basic, serial_shops, nicolae_shop_hallway_stairs,
          dreamdust_ecumenical_altar_hidden_monk_grotto, uniq_sigmund
D:3:      layout_basic
D:4:      layout_layer_cave, nicolae_uskayaw_suspiria,
          minmay_temple_entry_stoned_glass
D:5:      layout_basic, nicolae_overflow_hidden_temple, gammafunk_ghost_icy
Temple:   nicolae_temple_no_exploring_needed

Skill      XL: |  1  2  3  4  5  6  7 |
---------------+----------------------+-----
Invocations    | 1 2 |  2.7
Short Blades   | 1 2 |  2.4
Long Blades    | 1 2 |  2.4
Axes           | 1 2 |  2.4
Maces & Flails | 1 2 |  2.4
Polearms       | 1 2 |  2.4
Staves         | 1 2 |  2.4
Throwing       | 1 2 |  2.4
Armour         | 1 2 |  2.4
Stealth        | 1 2 |  2.4
Shields        | 1 2 |  2.4
Unarmed Combat | 1 2 |  2.4
Evocations     | 1 2 |  2.4
Spellcasting   | 3 |  3.7
Conjurations   | 1 2 |  2.0
Summonings     | 1 2 |  2.0
Necromancy     | 1 2 |  2.0
Translocations | 1 2 |  2.0
Transmutations | 1 2 |  2.0
Fire Magic     | 1 2 |  2.0
Ice Magic      | 1 2 |  2.0
Air Magic      | 1 2 |  2.0
Earth Magic    | 1 2 |  2.0
Poison Magic   | 1 2 |  2.0
Fighting       | 3 |  3.6
Ranged Weapons | 5 |  5.2
Dodging        | 5 |  5.2
Hexes          | |  5.8

Action                   |  1- 3 |  4- 6 |  7- 9 || total
-------------------------+-------+-------+-------++-------
Melee: Short sword       |    52 |       |       ||    52
       Dagger            |     2 |       |       ||     2
       Punch             |     4 |     1 |       ||     5
       Whip              |    43 |    54 |    26 ||   123
       Bite              |    14 |     4 |     3 ||    21
       Staff             |       |     9 |       ||     9
 Fire: Sling             |    37 |     5 |    26 ||    68
 Cast: Slow              |    18 |    10 |    19 ||    47
       Necrotise         |    12 |    24 |     3 ||    39
       Cause Fear        |       |       |     2 ||     2
  Use: Potion            |       |     1 |       ||     1
       Scroll            |       |       |     2 ||     2
 Stab: Sleeping          |     3 |     2 |       ||     5
Armor: Robe              |    21 |    13 |       ||    34
Dodge: Dodged            |    87 |    53 |    27 ||   167

Table legend: (Time is in decaauts)
 A = Elapsed time spent in this place.
 B = Non-inter-level travel time spent in this place.
 C = Inter-level travel time spent in this place.
 D = Time resting spent in this place.
 E = Time spent auto-exploring this place.
 F = Levels seen in this place.
 G = Mean time per level.
                   A        B        C        D        E       F      G
               +--------+--------+--------+--------+--------+-----+--------+
         Total |   6483 |   6404 |     79 |   2313 |   2836 |   6 | 1080.5 |
       Dungeon |   6462 |   6393 |     69 |   2313 |   2836 |   5 | 1292.4 |
        Temple |     20 |     11 |      9 |      0 |      0 |   1 |   20.0 |
               +--------+--------+--------+--------+--------+-----+--------+

Top non-repeatable levels by time:
     D:1: 2195 daAuts
     D:4: 1781 daAuts
     D:3: 1380 daAuts
     D:2: 1050 daAuts
     D:5: 55 daAuts
  Temple: 20 daAuts
